 Dungeon Crawl Stone Soup version 0.18-a0-185-gabf895a (webtiles) character file.

77 Proton the Skirmisher (level 4, 0/50 HPs)
             Began as an Ogre Fighter on Nov 24, 2015.
             Slain by a kobold (2 damage)
             ... on level 4 of the Dungeon.
             The game lasted 00:03:38 (1964 turns).

Proton the Skirmisher (Ogre Fighter)                Turns: 1964, Time: 00:03:38

Health: 0/50       AC:  5    Str: 22    XL:     4   Next: 33%
Magic:  4/4        EV: 10    Int:  7    God:
Gold:   93         SH:  0    Dex:  9    Spells: 0 memorised, 3 levels left

rFire  . . .     SeeInvis .     t - +0 whip (pain)
rCold  . . .     Clarity  .     b - +0 robe
rNeg   . . .     SustAt   .     (no shield)
rPois  +         Gourm    .     v - +0 hat
rElec  .         Spirit   .     (no cloak)
rCorr  .         Warding  .     (gloves unavailable)
rMut   .         Stasis   .     (boots unavailable)
MR     .....                    (no amulet)
Stlth  +.........               q - ring of poison resistance
                                h - +2 ring of protection (curse)

@: not resistant to hostile enchantments, very unstealthy
A: unfitting armour, tough skin 1
a: no special abilities


You were on level 4 of the Dungeon.
You were not hungry.

You visited 1 branch of the dungeon, and saw 4 of its levels.

You collected 93 gold pieces.

Inventory:

Hand Weapons
 t - a +0 whip of pain (weapon)
Armour
 b - a +0 robe (worn)
 v - a +0 hat (worn)
Jewellery
 h - a cursed +2 ring of protection (left hand)
 q - a ring of poison resistance (right hand)
Scrolls
 g - 4 scrolls of teleportation {unknown}
 j - 2 scrolls of remove curse {unknown}
 l - 5 scrolls of identify {unknown}
 m - a scroll of recharging {unknown}
 o - a scroll of amnesia {unknown}
 p - a scroll of blinking {unknown}
 r - a scroll of magic mapping {unknown}
 x - a scroll of enchant weapon {unknown}
 y - a scroll of random uselessness {unknown}
Potions
 a - a potion of cure mutation {unknown}
 c - 2 potions of lignification {unknown}
 d - a potion of might
 f - a potion of resistance {unknown}
 i - 3 potions of haste {unknown}
 k - 2 potions of brilliance {unknown}
 n - a potion of curing {unknown}
 s - a potion of ambrosia {unknown}
 u - a potion of poison {unknown}
Comestibles
 e - 3 bread rations


   Skills:
 + Level 5.0 Fighting
 * Level 4.2 Maces & Flails
 + Level 3.3 Dodging
   Level 2.6 Shields


You had 3 spell levels left.
You didn't know any spells.

Dungeon Overview and Level Annotations

Branches:
Dungeon (4/15)
 Temple: D:4-7

Altars:
Gozag
Sif Muna
Xom

Shops:
D:3 *

Annotations:
D:4 Sigmund


Innate Abilities, Weirdness & Mutations

You are too large for most types of armour.
You have tough skin (AC +1).


Message History

You closely miss Sigmund.
Sigmund is almost dead.
The kobold hits you but does no damage.
You hit Sigmund but do no damage.
Sigmund is almost dead.
The kobold misses you.
You barely miss Sigmund.
Sigmund is almost dead.
Sigmund completely misses you. The kobold hits you.
* * * LOW HITPOINT WARNING * * *
You closely miss Sigmund.
Sigmund is almost dead.
The kobold closely misses you.
You closely miss Sigmund.
Sigmund is almost dead.
Sigmund closely misses you. The kobold barely misses you.
You hit Sigmund but do no damage.
Sigmund is almost dead.
The kobold hits you.
You die...

......##
#......
#.#.#.# #
#.#.#.# .#
#.#...#..#
#.#..##..#
##.<......#
#...K.....#
#...#@#####
#...#@#
......Z.
..........#
..........#
##.#...####
#.#... #...


You could see Sigmund, a kobold and an adder skeleton.

Vanquished Creatures
  2 adders
  An ooze (D:2)
  5 worms (D:3)
  An orc (D:3)
  4 giant cockroaches
  4 goblins
  5 hobgoblins
  5 bats
  3 giant newts (D:2)
  6 kobolds
  6 rats
42 creatures vanquished.

Notes
Turn   | Place    | Note
--------------------------------------------------------------
     0 | D:1      | Proton the Ogre Fighter began the quest for the Orb.
     0 | D:1      | Reached XP level 1. HP: 24/24 MP: 1/1
   711 | D:2      | Reached XP level 2. HP: 32/32 MP: 2/2
   765 | D:2      | Found a deep blue altar of Sif Muna.
   851 | D:2      | Reached XP level 3. HP: 30/40 MP: 3/3
  1234 | D:3      | Found a shimmering altar of Xom.
  1235 | D:3      | Found a shimmering altar of Xom.
  1235 | D:3      | Found a shimmering altar of Xom.
  1363 | D:3      | Found a shimmering altar of Xom.
  1364 | D:3      | Found a shimmering altar of Xom.
  1468 | D:3      | Reached skill level 5 in Fighting
  1468 | D:3      | Reached XP level 4. HP: 32/50 MP: 4/4
  1506 | D:3      | Found an opulent altar of Gozag.
  1508 | D:3      | Found Gozag's Platinum Reserve.
  1936 | D:4      | Noticed Sigmund
  1961 | D:4      | HP: 2/50 [kobold (2)]
  1964 | D:4      | Slain by a kobold

Vault maps used:
D:1:      dpeg_arrival_short_road, corexii_hall_statues_i
D:2:      lemuel_crystal_altar, first_bread
D:3:      nicolae_gozag_zags_fifth_avenue, xom_redecorated
D:4:      kennysheep_spiral_hall, nrook_mini_backslash, uniq_sigmund

Action                   |  1- 3 |  4- 6 || total
-------------------------+-------+-------++-------
Melee: Flail             |    31 |       ||    31
       Whip              |   100 |    86 ||   186
  Eat: Meat ration       |       |     1 ||     1
       Pizza             |       |     1 ||     1
